Map: Rifts to Korhal

Players

sTkmonk

  • Race: Terran Terran
  • Spawn Location: 7:00

monk

  • Race: Protoss Protoss
  • Spawn Location: 7:00

VOD

Have the link to the VOD?

Description

Time

  • Played on: Sept. 22, 2017, 9:33 p.m.
  • Length: 21:52
Show
View Real Time Build Order
Export as new Build Order

sTkmonk Terran 

Build Orders:  

Get SALT Encoding   

Show
View Real Time Build Order
Export as new Build Order

monk Protoss 

Build Orders:  

Get SALT Encoding   

  12  0:03  Probe (Chrono Boost)  
  13  0:16  Probe (Chrono Boost)  
  14  0:27  Probe (Chrono Boost)  
  15  0:38  Gateway  
  15  0:43  Probe (Chrono Boost)  
  16  0:54  Probe (Chrono Boost)  
  16  0:56  Assimilator  
  17  1:05  Probe (Chrono Boost)  
  18  1:10  Assimilator  
  18  1:16  Probe (Chrono Boost)  
  19  1:27  Probe (Chrono Boost)  
  20  1:38  Probe (Chrono Boost)  
  21  1:45  Zealot  
  21  1:48  Probe (Chrono Boost)  
  24  2:04  Probe  
  24  2:06  Zealot  
  27  2:21  Probe (Chrono Boost)  
  27  2:25  Zealot  
  30  2:51  Nexus  
  30  2:56  Probe (Chrono Boost)  
  31  3:14  Probe (Chrono Boost)  
  31  3:18  Cybernetics Core  
  32  3:25  Probe (Chrono Boost)  
  33  3:36  Probe (Chrono Boost)  
  34  3:47  Probe (Chrono Boost)  
  35  3:51  Pylon  
  35  3:58  Probe (Chrono Boost)  
  36  4:02  Assimilator  
  36  4:09  Probe (Chrono Boost)  
  37  4:18  Robotics Facility  
  38  4:21  Probe (Chrono Boost)  
  38  4:23  Assimilator  
  38  4:32  Probe (Chrono Boost)  
  38  4:33  Probe (Chrono Boost)  
  40  4:43  Probe (Chrono Boost)  
  40  4:44  Probe (Chrono Boost)  
  42  4:54  Probe (Chrono Boost)  
  42  4:56  Probe (Chrono Boost)  
  44  5:04  Zealot  
  44  5:05  Probe (Chrono Boost)  
  47  5:17  Probe (Chrono Boost)  
  47  5:18  Probe (Chrono Boost)  
  47  5:29  Probe x2 (Chrono Boost)  
  51  5:40  Probe (Chrono Boost)  
  51  5:41  Probe (Chrono Boost)  
  51  5:47  Probe (Chrono Boost)  
  52  5:54  Immortal x2  
  52  5:58  Probe  
  60  6:09  Probe  
  61  6:15  Robotics Bay  
  62  6:29  Immortal  
  66  6:42  Forge  
  66  6:55  Immortal  
  70  7:09  Twilight Council  
  70  7:12  Gateway  
  70  7:20  Protoss Ground Weapons Level 1 (Chrono Boost)  
  70  7:25  Improved Barrier (Chrono Boost)  
  70  7:44  Reaver  
  70  7:45  Reaver  
  82  8:00  Singularity Charge  
  82  8:17  Gateway  
  82  8:19  Gateway  
  82  8:22  Scarab Housing  
  82  8:27  Observer  
  83  8:34  Dragoon x4  
  91  8:57  Immortal  
  95  9:00  Whirlwind  
  95  9:02  Dragoon  
  97  9:19  Dragoon  
  99  9:20  Dragoon  
  97  9:38  Dragoon x2  
  97  9:39  Dragoon  
  95  9:45  Immortal  
  99  9:56  Zealot  
  99  10:13  Dragoon x2  
  101  10:20  Solarite Payload  
  101  10:30  Trillic Compresion Mesh  
  101  10:36  Protoss Ground Weapons Level 2 (Chrono Boost)  
  101  10:39  Reaver  
  107  11:17  Zealot  
  109  11:29  Reaver x2  
  121  11:31  Observer  
  121  11:32  Zealot x5  
  121  11:33  Zealot x2  
  132  11:57  Dragoon x2  
  136  12:11  Dragoon  
  136  12:14  Zealot  
  136  12:31  Immortal  
  138  12:45  Protoss Ground Weapons Level 3 (Chrono Boost)  
  136  12:53  Zealot x2  
  136  12:54  Zealot x3  
  142  13:00  Zealot  
  142  13:01  Zealot x2  
  142  13:35  Zealot x3  
  142  13:36  Pylon  
  142  13:39  Zealot x2  
  152  14:01  Immortal x3  
  164  14:38  Dragoon x2  
  164  14:39  Dragoon x3  
  174  14:51  Zealot  
  176  15:01  Dragoon x3  
  178  15:15  Zealot  
  180  15:22  Dragoon x3  
  180  15:34  Zealot  
  178  15:50  Reaver  
  178  15:53  Immortal  
  188  16:03  Dragoon  
  188  16:04  Dragoon  
  192  16:30  Protoss Shields Level 1 (Chrono Boost)  
  192  16:32  Dragoon x4  
  200  16:54  Dragoon  
  194  17:15  Immortal  
  188  17:50  Immortal x3  
  200  18:20  Protoss Shields Level 2 (Chrono Boost)  
  184  18:35  Zealot  
  174  19:07  Zealot x4  
  174  19:08  Zealot x5  
  187  19:11  Immortal x2  
  195  19:22  Dragoon x3  
  197  19:39  Zealot x3  
  183  19:57  Zealot  
  181  20:02  Immortal x2  
  183  20:22  Immortal  
  183  20:23  Zealot x3  
Tags
 
Add a new tag
Caveats
  • Supply blocks, unpowered buildings, or Contaminate may cause inaccurate times.
  • Supply counts are checked every 10 seconds.